 Dungeon Sprint DCSS version 0.19-a0-895-gdbd5520 (webtiles) character file.

19873 LORDOFBUTT the Shatterer (level 12, -24/157 HPs)
             Began as an Ogre Berserker on July 4, 2016.
             Was the Champion of Trog.
             Annihilated by an ettin
             ... wielding a +0 dire flail
              (32 damage)
             ... in the Dungeon (Sprint IX: "|||||||||||||||||||||||||||||").
             The game lasted 00:07:25 (2997 turns).

LORDOFBUTT the Shatterer (Ogre Berserker)           Turns: 2997, Time: 00:07:25

Health: -24/157    AC: 16    Str: 33    XL:     12   Next: 73%
Magic:  12/12      EV: 22    Int:  6    God:    Trog [******]
Gold:   1559       SH:  0    Dex: 16    Spells: 0 memorised, 11 levels left

rFire  . . .     SeeInvis .     A - +9 dire flail "Riharey" {freeze, Fragile rN++ MR+ Str+3}
rCold  . . .     Gourm    .     b - +6 swamp dragon armour
rNeg   + + .     Faith    .     (shield currently unavailable)
rPois  +         Spirit   .     (helmet restricted)
rElec  .         Dismiss  .     F - +1 cloak
rCorr  .         Reflect  .     (gloves unavailable)
SustAt .         Harm     .     (boots unavailable)
MR     ++...     NoTele   +     (no amulet)
Stlth  ++........               o - +3 ring of dexterity
                                n - +2 ring of evasion

@: mighty, exhausted, very slightly contaminated, slowed, very slow, very
resistant to hostile enchantments, unstealthy
A: unfitting armour, tough skin 1
a: Berserk, Trog's Hand, Brothers in Arms, Burn Spellbooks, Renounce Religion


You were in the Dungeon.
You worshipped Trog.
Trog was exalted by your worship.
You were very hungry.

You visited 1 branch You collected 1559 gold pieces.

Inventory:

Hand Weapons
 c - the +7 giant spiked club of Debrad {freeze, rC+ Str+2 Int+4}
   (Trog gifted it to you in the Dungeon)

   It has been specially enchanted to freeze those struck by it, causing extra
   injury to most foes and up to half again as much damage against particularly
   susceptible opponents.
   It can also slow down cold-blooded creatures.
   It affects your strength (+2).
   It affects your intelligence (+4).
   It protects you from cold.
 v - a +5 great mace of holy wrath
 z - the +2 giant club of Absolution {distort, Str+3 Dex+4}
   (Trog gifted it to you in the Dungeon)

   It warps and distorts space around it.
   Unwielding it can cause banishment or high damage.
   It affects your strength (+3).
   It affects your dexterity (+4).
 A - the +9 dire flail "Riharey" (weapon) {freeze, Fragile rN++ MR+ Str+3}
   (Trog gifted it to you in the Dungeon)

   It has been specially enchanted to freeze those struck by it, causing extra
   injury to most foes and up to half again as much damage against particularly
   susceptible opponents.
   It can also slow down cold-blooded creatures.
   It affects your strength (+3).
   It greatly protects you from negative energy.
   It affects your resistance to hostile enchantments.
   It will be destroyed if unequipped.
Armour
 b - a +6 swamp dragon armour (worn)
 F - a +1 cloak (worn)
Jewellery
 n - a +2 ring of evasion (left hand)
 o - a +3 ring of dexterity (right hand)
 B - an uncursed ring of stealth
 C - an uncursed ring of protection from fire
Wands
 l - a wand of lightning (7/15)
Scrolls
 i - a scroll of blinking
 k - 3 scrolls of remove curse
 p - 2 scrolls of recharging
 t - a scroll of fear
 u - 4 scrolls of enchant weapon
 E - a scroll of identify
Potions
 a - 3 potions of might
 d - 7 potions of curing
 e - 3 potions of heal wounds
 f - 4 potions of haste
 g - 4 potions of magic
 h - a potion of berserk rage
 j - a potion of invisibility
 D - a potion of agility
Books
 m - a book of Air

   Spells                             Type                      Level
   a - Shock                          Conjuration/Air              1
   b - Swiftness                      Charms/Air                   2
   c - Repel Missiles                 Charms/Air                   2
   d - Static Discharge               Conjuration/Air              3
   e - Lightning Bolt                 Conjuration/Air              5
   Trog disapproves of the use of such an item.
Comestibles
 s - 40 fruits
 w - 12 bread rations
 x - 11 meat rations


   Skills:
 + Level 20.2 Fighting
 + Level 24.1 Maces & Flails
 + Level 2.6 Armour
 + Level 15.9 Dodging
 + Level 3.8 Stealth


You had 11 spell levels left.
You didn't know any spells.

Dungeon Overview and Level Annotations

Branches:
Dungeon (1/1)

Altars:
Cheibriados
Dithmenos
Elyvilon
Fedhas
Gozag
Hepliaklqana
Kikubaaqudgha
Makhleb
Nemelex Xobeh
Okawaru
Pakellas
Qazlal
Ru
Sif Muna
Trog
Uskayaw
Vehumet
Xom
Yredelemnul
Zin
The Shining One
Beogh
Jiyva
Lugonu

Shops:
D [*}(


Innate Abilities, Weirdness & Mutations

You are too large for most types of armour.
You have tough skin. (AC +1)


Message History

* * * LOW HITPOINT WARNING * * *
The ettin misses you.
You hit the ettin. You freeze the ettin.
The ettin is lightly wounded.
The ettin barely misses you. The ettin hits you but does no damage.
You barely miss the ettin.
The ettin is lightly wounded.
The giant orange brain blinks!
The vampire mage gestures wildly while chanting.
The vampire mage flickers and vanishes!
Deactivating autopickup; reactivate with Ctrl-A.
The ettin barely misses you. The ettin completely misses you.
You hit the ettin but do no damage.
The ettin is lightly wounded.
You are no longer terrified.
You hear some strange, mumbled words.
You hit the ettin. You freeze the ettin.
The ettin is lightly wounded.
The ettin hits you with a dire flail!!
You die...

▓▓▓▓▓▓▓▓▓▓▓▓▓▓▓▓▓▓▓▓▓▓▓▓▓▓▓▓▓▓▓▓▓
'..==.)))))))).[@C{uZ[[G....u....
▓▓▓▓▓▓▓▓▓▓▓▓▓▓▓▓▓▓▓▓▓▓▓▓▓▓▓▓▓▓▓▓▓
.................................
▓▓▓▓▓▓▓▓▓▓▓▓▓▓▓▓▓▓▓▓▓▓▓▓▓▓▓▓▓▓▓▓▓
....'))))..)..)...'))))........))
▓▓▓▓▓▓▓▓▓▓▓▓▓▓▓▓▓▓▓▓▓▓▓▓▓▓▓▓▓▓▓▓▓
..............................)).
▓▓▓▓▓▓▓▓▓▓▓▓▓▓▓▓▓▓▓▓▓▓▓▓▓▓▓▓▓▓▓▓▓
....(.).....(÷.......÷'÷........'


You could see a white ugly thing, an ettin, a giant orange brain and a bat
zombie.

Vanquished Creatures
  2 stone giants (D)
  A deep troll shaman (D)
  A centaur warrior (D)
  A deep troll earth mage (D)
  4 death yaks (D)
  Urug (D)
  A skeletal warrior (D)
  3 hill giants (D)
  An orc knight (D)
  10 orc sorcerers (D)
  A manticore (D)
  Maurice (D)
  2 black mambas (D)
  2 spiny frogs (D)
  A tengu conjurer (D)
  A blink frog (D)
  4 yaks (D)
  A hungry ghost (D)
  2 steam dragons (D)
  4 hippogriffs (D)
  2 porcupines (D)
  13 orc warriors (D)
  3 water moccasins (D)
  2 sky beasts (D)
  A wolf (D)
  3 centaurs (D)
  An ogre (D)
  A crocodile (D)
  A giant frog (D)
  A killer bee (D)
  A howler monkey (D)
  A jelly (D)
  2 orc priests (D)
  5 orc wizards (D)
  An iguana (D)
  A worker ant (D)
  A sheep (D)
  7 orcs (D)
  A ball python (D)
  2 goblins (D)
  A hobgoblin (D)
  A jackal (D)
  A quokka zombie (D)
  A rat (D)
98 creatures vanquished.

Vanquished Creatures (others)
  An unseen horror (D)
1 creature vanquished.

Grand Total: 99 creatures vanquished

Notes
Turn   | Place    | Note
-------+----------+-------------------------------------------
     0 | D        | LORDOFBUTT the Ogre Berserker began the quest for the Orb.
     0 | D        | Reached XP level 1. HP: 24/24 MP: 1/1
     8 | D        | Reached ** piety under Trog
    28 | D        | Noticed a centaur
    28 | D        | Noticed a jelly
    28 | D        | Noticed a worker ant
    34 | D        | Reached *** piety under Trog
    34 | D        | Reached skill level 5 in Maces & Flails
    34 | D        | Reached XP level 2. HP: 33/33 MP: 2/2
    38 | D        | Killed a centaur
    38 | D        | Reached skill level 7 in Maces & Flails
    38 | D        | Reached skill level 5 in Dodging
    38 | D        | Reached XP level 3. HP: 46/46 MP: 3/3
    38 | D        | Reached XP level 4. HP: 55/55 MP: 4/4
    43 | D        | Reached skill level 8 in Maces & Flails
    43 | D        | Reached XP level 5. HP: 63/63 MP: 5/5
    56 | D        | Reached **** piety under Trog
   275 | D        | Found a glowing silver altar of Zin.
   275 | D        | Found a glowing golden altar of the Shining One.
   275 | D        | Found an ancient bone altar of Kikubaaqudgha.
   275 | D        | Found a basalt altar of Yredelemnul.
   275 | D        | Found a shimmering altar of Xom.
   275 | D        | Found a radiant altar of Vehumet.
   276 | D        | Found an iron altar of Okawaru.
   277 | D        | Found a burning altar of Makhleb.
   278 | D        | Found a deep blue altar of Sif Muna.
   279 | D        | Found a bloodstained altar of Trog.
   280 | D        | Found a sparkling altar of Nemelex Xobeh.
   281 | D        | Found a white marble altar of Elyvilon.
   282 | D        | Found a roughly hewn altar of Beogh.
   283 | D        | Found a viscous altar of Jiyva.
   284 | D        | Found a corrupted altar of Lugonu.
   285 | D        | Found a blossoming altar of Fedhas.
   286 | D        | Found a snail-covered altar of Cheibriados.
   287 | D        | Found a shadowy altar of Dithmenos.
   288 | D        | Found a stormy altar of Qazlal.
   289 | D        | Found an opulent altar of Gozag.
   290 | D        | Found a sacrificial altar of Ru.
   291 | D        | Found an oddly glowing altar of Pakellas.
   292 | D        | Found a hide-covered altar of Uskayaw.
   293 | D        | Found a hazy altar of Hepliaklqana.
   337 | D        | Noticed a sky beast
   337 | D        | Noticed a steam dragon
   337 | D        | Noticed a hungry ghost
   337 | D        | Noticed a centaur
   337 | D        | Noticed an ogre
   341 | D        | Killed a sky beast
   341 | D        | Reached skill level 10 in Maces & Flails
   341 | D        | Reached XP level 6. HP: 78/78 MP: 6/6
   346 | D        | Killed a steam dragon
   346 | D        | Reached skill level 10 in Fighting
   346 | D        | Reached skill level 11 in Maces & Flails
   353 | D        | Killed a hungry ghost
   353 | D        | Reached skill level 12 in Maces & Flails
   353 | D        | Reached XP level 7. HP: 84/88 MP: 7/7
   356 | D        | Reached ***** piety under Trog
   360 | D        | Reached skill level 13 in Maces & Flails
   397 | D        | Noticed a centaur warrior
   397 | D        | Noticed a hill giant
   416 | D        | Killed a centaur warrior
   416 | D        | Received a gift from Trog
   416 | D        | Reached skill level 14 in Maces & Flails
   416 | D        | Reached skill level 10 in Dodging
   416 | D        | Reached XP level 8. HP: 61/102 MP: 8/8
   421 | D        | Killed a hill giant
   421 | D        | Reached skill level 15 in Maces & Flails
   421 | D        | Reached XP level 9. HP: 50/111 MP: 9/9
   431 | D        | Reached skill level 16 in Maces & Flails
   798 | D        | Noticed a spiny frog
   798 | D        | Noticed a spiny frog
   801 | D        | Noticed a black mamba
   808 | D        | Killed a spiny frog
   808 | D        | Received a gift from Trog
   810 | D        | Noticed a black mamba
   813 | D        | Killed a spiny frog
   813 | D        | Reached skill level 17 in Maces & Flails
   827 | D        | Killed a black mamba
   827 | D        | Reached ****** piety under Trog
   827 | D        | Received a gift from Trog
   833 | D        | Reached skill level 15 in Fighting
   833 | D        | Reached XP level 10. HP: 101/124 MP: 10/10
   842 | D        | Killed a black mamba
   842 | D        | Reached skill level 18 in Maces & Flails
  1125 | D        | Received a gift from Trog
  1137 | D        | Got a fine giant spiked club {god gift}
  1138 | D        | Identified the +7 giant spiked club of Debrad {freeze, rC+ Str+2 Int+4} (Trog gifted it to you in the Dungeon)
  1486 | D        | Noticed a death yak
  1486 | D        | Noticed a death yak
  1486 | D        | Noticed a death yak
  1487 | D        | Noticed a death yak
  1490 | D        | Killed a death yak
  1490 | D        | Received a gift from Trog
  1490 | D        | Reached skill level 19 in Maces & Flails
  1495 | D        | Killed a death yak
  1495 | D        | Reached skill level 1 in Stealth
  1496 | D        | Killed a death yak
  1496 | D        | Reached XP level 11. HP: 79/137 MP: 11/11
  1506 | D        | Killed a death yak
  1506 | D        | Reached skill level 20 in Maces & Flails
  1939 | D        | Noticed Maurice
  1949 | D        | Killed Maurice
  1949 | D        | Received a gift from Trog
  2005 | D        | Noticed an orc sorcerer
  2007 | D        | Killed an orc sorcerer
  2011 | D        | Noticed a stone giant
  2018 | D        | Received a gift from Trog
  2021 | D        | Killed a stone giant
  2047 | D        | Received a gift from Trog
  2050 | D        | Got a crystal giant club {god gift}
  2051 | D        | Identified the +2 giant club of Absolution {distort, Str+3 Dex+4} (Trog gifted it to you in the Dungeon)
  2075 | D        | Noticed an orc knight
  2080 | D        | Reached skill level 21 in Maces & Flails
  2088 | D        | Killed an orc knight
  2088 | D        | Received a gift from Trog
  2105 | D        | Reached skill level 15 in Dodging
  2337 | D        | Found Gosijaz's Antique Armour Emporium.
  2337 | D        | Noticed an orc sorcerer
  2337 | D        | Noticed an orc sorcerer
  2337 | D        | Noticed an orc sorcerer
  2338 | D        | Noticed an orc sorcerer
  2345 | D        | Killed an orc sorcerer
  2345 | D        | Received a gift from Trog
  2346 | D        | Found Halir Pig's General Store.
  2346 | D        | Noticed a sixfirhy
  2348 | D        | Noticed a sixfirhy
  2349 | D        | Killed an orc sorcerer
  2352 | D        | Killed an orc sorcerer
  2352 | D        | Received a gift from Trog
  2354 | D        | Found Amin's Gadget Emporium.
  2354 | D        | Noticed an orc sorcerer
  2356 | D        | Noticed a soul eater
  2356 | D        | Killed an orc sorcerer
  2356 | D        | Reached skill level 22 in Maces & Flails
  2359 | D        | Found Ehooll's Weapon Shoppe.
  2361 | D        | Noticed an orc sorcerer
  2364 | D        | Killed an orc sorcerer
  2364 | D        | Received a gift from Trog
  2364 | D        | Reached XP level 12. HP: 103/152 MP: 12/12
  2376 | D        | Received a gift from Trog
  2386 | D        | Received a gift from Trog
  2418 | D        | Got an ichor-stained dire flail {god gift}
  2419 | D        | Identified the +9 dire flail "Riharey" {freeze, Fragile rN++ MR+ Str+3} (Trog gifted it to you in the Dungeon)
  2738 | D        | Noticed Urug
  2749 | D        | Killed Urug
  2929 | D        | Reached skill level 23 in Maces & Flails
  2932 | D        | Noticed a stone giant
  2935 | D        | Noticed a deep troll shaman
  2938 | D        | Noticed a deep troll earth mage
  2952 | D        | Reached skill level 1 in Armour
  2955 | D        | Received a gift from Trog
  2961 | D        | Noticed an ettin
  2962 | D        | Noticed a vampire mage
  2968 | D        | Killed a stone giant
  2972 | D        | Killed a deep troll shaman
  2972 | D        | Reached skill level 24 in Maces & Flails
  2973 | D        | HP: 10/235 [deep troll earth mage (12)]
  2975 | D        | HP: 2/235 [deep troll earth mage (9)]
  2976 | D        | Killed a deep troll earth mage
  2993 | D        | HP: 6/157 [ettin/dire flail (31)]
  2997 | D        | Annihilated by an ettin

Vault maps used:
D:        linesprint

Skill      XL: |  1  2  3  4  5  6  7  8  9 10 11 12 |
---------------+-------------------------------------+-----
Dodging        | 3 5 6 8 10 12 13 15 | 15.9
Maces & Flails | 5 7 8 10 12 14 15 17 19 22 24 | 24.1
Fighting       | 7 8 9 11 13 15 16 18 20 | 20.2
Stealth        | 1 2 3 |  3.8
Armour         | 2 |  2.6

Action                   |  1- 3 |  4- 6 |  7- 9 | 10-12 || total
-------------------------+-------+-------+-------+-------++-------
Melee: Mace              |    20 |    18 |       |       ||    38
       Morningstar       |       |    13 |    38 |       ||    51
       Dire flail        |       |       |    30 |    71 ||   101
       Great mace        |       |       |       |    24 ||    24
       Giant spiked club |       |       |       |   123 ||   123
Invok: Berserk           |     1 |     1 |     1 |     2 ||     5
  Use: Scroll            |       |       |       |     7 ||     7
       Potion            |       |       |       |     3 ||     3
  Eat: Chunk             |       |       |     3 |       ||     3
       Bread ration      |       |       |       |     1 ||     1
       Meat ration       |       |       |       |     1 ||     1
Armor: Animal skin       |     5 |    10 |    14 |     5 ||    34
       Steam dragon hide |       |       |       |     6 ||     6
       Swamp dragon armo |       |       |       |    18 ||    18
Dodge: Dodged            |    11 |    16 |    45 |   126 ||   198
